 Dungeon Crawl Stone Soup version 0.21.1-1-g345015fe64 (webtiles) character file.

52772 Henning the Blocker (level 14, 0/193 HPs)
             Began as a Minotaur Fighter on June 17, 2018.
             Was the Champion of Trog.
             Slain by a 15-headed hydra (1 damage)
             ... on level 6 of the Lair of Beasts.
             The game lasted 01:15:53 (19994 turns).

Henning the Blocker (Minotaur Fighter)             Turns: 19994, Time: 01:15:55

Health: 0/193      AC: 19    Str: 29    XL:     14   Next: 28%
Magic:  16/16      EV: 13    Int:  5    God:    Trog [******]
Gold:   1280       SH: 26    Dex: 15    Spells: 13/13 levels left

rFire    . . .     SeeInvis .   a - +1 war axe
rCold    . . .     Gourm    .   o - +0 large shield
rNeg     . . .     Faith    .   D - +0 plate armour
rPois    +         Spirit   .   (helmet restricted)
rElec    .         Reflect  +   L - +0 cloak {+Inv}
rCorr    .         Harm     .   K - +0 pair of gloves
MR       +....                  (no boots)
Stlth    ..........             h - +5 amulet of reflection
HPRegen  0.42/turn              u - +3 ring of dexterity
MPRegen  0.15/turn              U - ring of poison resistance

@: berserking (expiring), studying Slings, very quick
A: retaliatory headbutt, horns 2
a: Berserk, Trog's Hand, Brothers in Arms, Burn Spellbooks, Renounce Religion,
Evoke Invisibility


You were on level 6 of the Lair of Beasts.
You worshipped Trog.
Trog was exalted by your worship.
You were hungry.

You visited 3 branches of the dungeon, and saw 19 of its levels.
You also visited: Labyrinth and Ossuary.

You collected 1280 gold pieces.

Inventory:

Hand Weapons
 a - a +1 war axe (weapon)
Missiles
 S - 3 silver javelins (quivered)
Armour
 o - a +0 large shield (worn)
 D - a +0 plate armour (worn)
 K - a +0 pair of gloves (worn)
 L - a +0 cloak of invisibility (worn)
Jewellery
 h - a +5 amulet of reflection (around neck)
 r - a +1 ring of protection
 u - a +3 ring of dexterity (left hand)
 B - an uncursed ring of protection from magic
 U - a ring of poison resistance (right hand)
Wands
 c - a wand of digging (15)
 j - a wand of flame (23)
 w - a wand of clouds (8)
 y - a wand of iceblast (6)
 F - a wand of random effects (77)
 I - a wand of disintegration (17)
 M - a wand of paralysis (59)
 P - a wand of polymorph (10)
 R - a wand of enslavement (22)
Scrolls
 b - 9 scrolls of enchant weapon
 e - 4 scrolls of blinking
 l - 2 scrolls of magic mapping
 n - 7 scrolls of remove curse
 q - 4 scrolls of teleportation
 s - 4 scrolls of amnesia {unknown}
 v - 4 scrolls of random uselessness {unknown}
 x - 4 scrolls of immolation {unknown}
 E - 3 scrolls of enchant armour {unknown}
 G - 2 scrolls of brand weapon {unknown}
 H - 4 scrolls of fog {unknown}
 J - 2 scrolls of fear
 V - a scroll of identify
Potions
 d - 2 potions of might
 g - 2 potions of agility
 i - 4 potions of flight
 k - 2 potions of invisibility {unknown}
 m - 3 potions of cancellation
 p - 13 potions of curing
 t - 4 potions of brilliance
 z - a potion of ambrosia
 A - 4 potions of lignification
 C - a potion of haste
 O - 2 potions of resistance
 Q - a potion of magic
 T - 2 potions of mutation {unknown}
Books
 Z - a manual of Slings
Miscellaneous
 N - a lamp of fire
Comestibles
 f - 39 rations


   Skills:
 + Level 13.1 Fighting
 + Level 12.8 Axes
 + Level 13.2 Armour
 + Level 11.7 Dodging
 * Level 14.3 Shields
 + Level 4.9 Evocations


You had 13 spell levels left.
You didn't know any spells.

Dungeon Overview and Level Annotations

Branches:
Dungeon (12/15)            Temple (1/1) D:4            Lair (6/6) D:8
 Shoals (0/4) Lair:3        Snake (0/4) Lair:3          Orc (0/2) D:9
  Slime: Lair:5-6

Altars:
Ashenzari
Cheibriados
Dithmenos
Elyvilon
Fedhas
Gozag
Hepliaklqana
Kikubaaqudgha
Makhleb
Nemelex Xobeh
Okawaru
Qazlal
Ru
Sif Muna
Trog
Uskayaw
Vehumet
Wu Jian
Xom
Yredelemnul
Zin
The Shining One
Beogh

Shops:
D:4 ?(*[   D:6 ?   D:7 ![

Annotations:
D:3 Angel to kill
Lair:2 exclusion: 2 oklob plants


Innate Abilities, Weirdness & Mutations

You reflexively headbutt those who attack you in melee.
You have a pair of horns on your head.


Message History

* * * LOW HITPOINT WARNING * * *
You block the 14-headed hydra's attack. x2
The 14-headed hydra closely misses you.
Your shield and plate armour prevent you from hitting the 14-headed hydra.
The 14-headed hydra is heavily wounded.
Unknown command.
You chop one of the 14-headed hydra's heads off!
The 13-headed hydra grows two more!
You slice the 15-headed hydra!! You headbutt the 15-headed hydra!
The 15-headed hydra is almost dead.
You block the 15-headed hydra's attack. x4; The 15-headed hydra misses you.
The 15-headed hydra bites you.
* * * LOW HITPOINT WARNING * * *
The 15-headed hydra bites you!
* * * LOW HITPOINT WARNING * * *
The 15-headed hydra completely misses you.
The 15-headed hydra closely misses you. The 15-headed hydra bites you!
* * * LOW HITPOINT WARNING * * *
The 15-headed hydra bites you.
You die...

≈.§§....# .≈......# ##.#
#.§...## #####..#
≈≈#......######PP##..##
#........D#.#PP......##
............#...!....#.#
.........###..P#.......#
....§.#### ##D.##.....#
.≈≈§≈# #@..#.....###
≈≈≈## #.........#.# ≈##
##.P.......)# # ##
##........###
##.##P##...........#
..#..#P.........##...P
#(.....#).......# ...#
..##....##.........#..###
.......#..........##....


You could see a 15-headed hydra.

Vanquished Creatures
  The ghost of Niraks the Peltast, a journeyman MiBe of Trog (Lair:3)
  An ettin (D:12)
  Josephine (D:12)
  A minotaur (Lab)
  3 hydras
  5 two-headed ogres
  Erica (D:11)
  2 unseen horrors (D:12)
  A lindwurm (Lair:5)
  A harpy (D:11)
  2 manticores
  An ugly thing (D:11)
  An oklob plant (Lair:2)
  13 elephants
  A cyclops (D:12)
  4 black mambas
  Joseph (D:10)
  A gargoyle (D:11)
  2 molten gargoyles (Lair:5)
  A torpor snail (Lair:2)
  Maurice (D:12)
  8 spiny frogs
  A centaur skeleton (D:12)
  7 komodo dragons
  2 freezing wraiths
  4 rime drakes
  2 polar bears
  5 trolls
  A queen bee (D:9)
  A meliai (D:12)
  14 blink frogs
  7 hippogriffs
  10 dream sheep
  5 wraiths
  3 redbacks (Lab)
  4 shadows
  11 yaks
  5 hungry ghosts (Lab)
  3 basilisks
  A vampire mosquito (D:11)
  An acid dragon (D:10)
  11 water moccasins
  4 hell hounds
  5 porcupines
  8 ice beasts
  A necrophage (D:11)
  A sky beast (D:12)
  A black bear (D:12)
  A phantom (D:10)
  19 orc warriors
  4 ogres
  3 centaurs
  12 wolves
  12 crocodiles
  The ghost of mass2k the Shield-Bearer, an amateur GrFi (D:3)
  Blork the orc (D:5)
  3 big kobolds (D:8)
  4 elf zombies (Ossuary)
  15 bullfrogs
  A scorpion (D:12)
  30 killer bees
  A troll skeleton (Lab)
  7 wights (D:11)
  8 howler monkeys
  2 spriggan skeletons (Lab)
  2 electric eels (Lair:2)
  4 crimson imps
  9 centaur zombies
  5 lava snakes (Lair:5)
  A bullfrog zombie (D:12)
  11 hounds
  12 orc priests
  2 human zombies (Ossuary)
  17 orc wizards
  5 jellies
  A bullfrog skeleton (D:4)
  2 iguanas
  10 worker ants
  An ogre skeleton (Lab)
  3 mummies (Ossuary)
  2 hound skeletons
  A howler monkey zombie (D:9)
  2 worker ant zombies
  14 adders
  A howler monkey skeleton (D:5)
  3 shadow imps
  An ooze (D:2)
  An adder zombie (D:7)
  3 dart slugs
  4 leopard geckos
  64 orcs
  3 giant cockroaches
  6 goblins
  8 hobgoblins
  19 jackals
  7 quokkas
  7 bats
  5 frilled lizards
  17 kobolds
  A leopard gecko skeleton (D:4)
  A leopard gecko zombie (D:7)
  A quokka skeleton (D:4)
  6 rats
  3 fungi
  3 plants
563 creatures vanquished.

Vanquished Creatures (others)
  A human (D:4)
  A kobold (D:8)
  A bush (Lair:3)
  4 fungi
  5 plants
12 creatures vanquished.

Grand Total: 575 creatures vanquished

Notes
Turn   | Place    | Note
-------+----------+-------------------------------------------
     0 | D:1      | Henning the Minotaur Fighter began the quest for the Orb.
     0 | D:1      | Reached XP level 1. HP: 19/19 MP: 0/0
   208 | D:1      | Reached skill level 4 in Shields
   208 | D:1      | Reached XP level 2. HP: 25/27 MP: 1/1
   809 | D:2      | Reached XP level 3. HP: 33/33 MP: 2/2
   955 | D:2      | Reached skill level 1 in Dodging
  1299 | D:2      | Reached XP level 4. HP: 40/40 MP: 3/3
  1629 | D:3      | Found a white marble altar of Elyvilon.
  1630 | D:3      | Found a runed door.
  1630 | D:3      | Noticed an angel
  1789 | D:3      | Noticed mass2k's ghost (amateur GrFi)
  1830 | D:3      | Killed mass2k's ghost
  1830 | D:3      | Reached XP level 5. HP: 24/47 MP: 4/4
  1951 | D:3      | Reached skill level 5 in Shields
  2243 | D:4      | Found a staircase to the Ecumenical Temple.
  2247 | Temple   | Entered the Ecumenical Temple
  2252 | Temple   | Became a worshipper of Trog the Wrathful
  2684 | D:4      | Reached XP level 6. HP: 55/55 MP: 5/5
  2686 | D:4      | Found Tewast's Assorted Antiques.
  2783 | D:4      | Reached skill level 5 in Fighting
  2783 | D:4      | Reached skill level 5 in Armour
  2871 | D:4      | Found Eneipibb's Antique Armour Emporium.
  2968 | D:4      | Found Yheloz's Magic Scroll Boutique.
  3067 | D:4      | Found Jidghad's Antique Weapon Shop.
  3238 | D:4      | Found an ancient bone altar of Kikubaaqudgha.
  3238 | D:4      | Noticed a human
  3242 | D:4      | Killed a human
  3306 | D:5      | Entered Level 5 of the Dungeon
  3391 | D:5      | Reached XP level 7. HP: 52/61 MP: 6/6
  3663 | D:5      | Reached skill level 5 in Axes
  3663 | D:5      | Reached skill level 6 in Shields
  3874 | D:5      | Reached * piety under Trog
  3988 | D:5      | Noticed Blork the orc
  3994 | D:5      | Killed Blork the orc
  4198 | D:6      | Found a sand-covered staircase.
  4208 | Ossuary  | Entered an ossuary
  4220 | Ossuary  | Reached XP level 8. HP: 68/70 MP: 7/7
  4492 | D:6      | Reached skill level 7 in Shields
  4529 | D:6      | Found Daeppud's Magic Scroll Shoppe.
  4719 | D:6      | Reached ** piety under Trog
  4806 | D:7      | Reached skill level 5 in Dodging
  4901 | D:7      | Found Efum's Distillery.
  4939 | D:7      | Found Ceghos's Antique Armour Boutique.
  5155 | D:7      | Found a burning altar of Makhleb.
  5224 | D:7      | Reached XP level 9. HP: 66/79 MP: 8/8
  6138 | D:8      | Noticed a troll
  6151 | D:8      | Killed a troll
  6277 | D:9      | Reached skill level 8 in Shields
  6423 | D:9      | Reached *** piety under Trog
  6751 | D:9      | Noticed a queen bee
  6767 | D:9      | Killed a queen bee
  6767 | D:9      | Reached XP level 10. HP: 90/90 MP: 9/9
  6858 | D:9      | Reached skill level 9 in Shields
  7272 | D:9      | Reached **** piety under Trog
  7549 | D:9      | Found a staircase to the Orcish Mines.
  7636 | D:10     | Entered Level 10 of the Dungeon
  7699 | D:10     | Noticed a two-headed ogre
  7721 | D:10     | Killed a two-headed ogre
  8344 | D:10     | Noticed Joseph
  8359 | D:10     | Killed Joseph
  8560 | D:11     | Noticed a two-headed ogre
  8561 | D:11     | Reached XP level 11. HP: 99/99 MP: 10/10
  8576 | D:11     | Killed a two-headed ogre
  8576 | D:11     | Reached skill level 10 in Armour
  8576 | D:11     | Reached skill level 10 in Shields
  8638 | D:11     | Noticed Erica
  8649 | D:11     | Killed Erica
  8649 | D:11     | Reached skill level 10 in Fighting
  8966 | D:11     | Reached ***** piety under Trog
  9076 | D:11     | Found a roughly hewn altar of Beogh.
  9143 | D:11     | Noticed a red ugly thing
  9147 | D:11     | Reached skill level 10 in Axes
  9154 | D:11     | Killed a red ugly thing
  9164 | D:11     | Noticed a six-headed hydra
  9435 | D:11     | Killed a 12-headed hydra
  9652 | D:11     | Reached skill level 11 in Shields
  9701 | D:11     | Received a gift from Trog
 10240 | D:12     | Reached XP level 12. HP: 98/110 MP: 11/11
 10255 | D:12     | Noticed a two-headed ogre
 10273 | D:12     | Killed a two-headed ogre
 10286 | D:12     | HP: 5/110 [something (6)]
 10302 | D:12     | HP: 4/110 [something (3)]
 10688 | D:12     | Noticed Maurice
 10701 | D:12     | Killed Maurice
 10752 | D:12     | Reached skill level 10 in Dodging
 11098 | D:12     | Noticed an ettin
 11420 | D:12     | Killed an ettin
 11611 | D:12     | Noticed a two-headed ogre
 11787 | D:12     | Killed a two-headed ogre
 11787 | D:12     | Reached skill level 1 in Evocations
 11790 | D:12     | Noticed Josephine
 11801 | D:12     | Killed Josephine
 11801 | D:12     | Reached skill level 12 in Shields
 11916 | D:8      | Noticed a two-headed ogre
 11928 | D:8      | Killed a two-headed ogre
 12849 | D:8      | Found a staircase to the Lair.
 12915 | Lair:1   | Entered Level 1 of the Lair of Beasts
 12954 | Lair:1   | Received a gift from Trog
 13430 | Lair:2   | Reached XP level 13. HP: 69/118 MP: 13/13
 15571 | Lair:3   | Noticed Niraks's ghost (journeyman MiBe)
 15586 | Lair:3   | Killed Niraks's ghost
 15692 | Lair:3   | Reached skill level 13 in Shields
 15705 | Lair:3   | Found a staircase to the Snake Pit.
 15841 | Lair:3   | Found a staircase to the Shoals.
 18402 | Lair:6   | Entered Level 6 of the Lair of Beasts
 18402 | Lair:6   | Found a labyrinth entrance.
 18425 | Lab      | Entered a labyrinth
 18776 | Lab      | Paralysed by fainting for 12 turns
 18794 | Lab      | Reached ****** piety under Trog
 18794 | Lab      | Received a gift from Trog
 18976 | Lab      | Noticed a minotaur
 18988 | Lab      | Killed a minotaur
 18998 | Lab      | Identified the Volume of the Mountains
 19043 | Lab      | Got an ichor-stained chain mail
 19048 | Lair:6   | Reached XP level 14. HP: 127/127 MP: 16/16
 19132 | Lair:6   | Reached skill level 14 in Shields
 19173 | Lair:6   | Received a gift from Trog
 19994 | Lair:6   | HP: 1/193 [15-headed hydra (10)]
 19994 | Lair:6   | Slain by a 15-headed hydra

Skill      XL: |  1  2  3  4  5  6  7  8  9 10 11 12 13 14 |
---------------+-------------------------------------------+-----
Shields        | 4 5 6 7 8 9 11 12 13 14 | 14.3
Armour         | 4 5 6 7 8 9 11 12 13 | 13.2
Fighting       | 4 5 6 7 8 9 11 12 13 | 13.1
Dodging        | 1 2 3 4 5 6 8 9 10 11 | 11.7
Axes           | 3 4 5 6 8 9 10 11 12 | 12.8
Evocations     | 2 4 |  4.9

Action                   |  1- 3 |  4- 6 |  7- 9 | 10-12 | 13-15 || total
-------------------------+-------+-------+-------+-------+-------++-------
Melee: War axe           |    97 |   148 |   384 |   867 |   644 ||  2140
       Headbutt          |    12 |    23 |    91 |   228 |   186 ||   540
       Demon trident     |       |       |       |     5 |       ||     5
Invok: Burn Spellbooks   |       |       |     1 |     2 |     5 ||     8
       Berserk           |       |       |     2 |     6 |     7 ||    15
       Trog's Hand       |       |       |       |     2 |       ||     2
 Abil: Evoke Invisibilit |       |       |       |       |     1 ||     1
  Use: Scroll            |       |       |    17 |     6 |     2 ||    25
       Potion            |       |       |       |     3 |       ||     3
 Stab: Invisible         |       |       |       |       |     2 ||     2
  Eat: Chunk             |     1 |     7 |    13 |    20 |    26 ||    67
       Ration            |       |       |       |     3 |     1 ||     4
Armor: Scale mail        |    45 |    35 |     5 |       |       ||    85
       Plate armour      |       |       |   148 |   348 |   235 ||   731
Dodge: Dodged            |    26 |    41 |    74 |   248 |   200 ||   589
Block: Shield            |    82 |   132 |   324 |   745 |       ||  1283
       Reflection        |     4 |       |    13 |    20 |    15 ||    52
       Large shield      |       |       |       |   100 |   867 ||   967
